 Dungeon Crawl Stone Soup version 0.27.1-35-g4d5d836560 (webtiles) character file.

Game seed: 14026599861901378719

177 Delamore the Shield-Bearer (level 5, -2/42 HPs)
             Began as a Formicid Fighter on Mar 3, 2022.
             Slain by a scorpion (7 damage)
             ... on level 4 of the Dungeon.
             The game lasted 00:02:28 (2495 turns).

Delamore the Shield-Bearer (Formicid Fighter)       Turns: 2495, Time: 00:02:29

Health: -2/42      AC:  8    Str: 21    XL:     5   Next: 88%
Magic:  5/5        EV:  8    Int:  8    God:
Gold:   94         SH:  9    Dex: 10    Spells: 4/4 levels left

rFire    . . .     SeeInvis +   a - +0 war axe
rCold    . . .     Faith    .   c - +0 kite shield
rNeg     . . .     Spirit   .   b - +0 scale mail
rPois    .         Reflect  .   (helmet unavailable)
rElec    .         Harm     .   (no cloak)
rCorr    .         Rampage  .   j - +0 pair of gloves
Will     .....                  (no boots)
Stlth    ..........             (no amulet)
HPRegen  0.14/turn              (no ring)
MPRegen  0.09/turn              (no ring)

@: lethally poisoned (-2 -> -11)
A: permanent stasis, dig shafts and tunnels, antennae 3, four strong arms
a: Dig, Shaft Self


You were on level 4 of the Dungeon.
You visited 1 branch of the dungeon, and saw 4 of its levels.

You collected 94 gold pieces.

Inventory:

Hand Weapons
 a - a +0 war axe (weapon)
Missiles
 m - a throwing net
Armour
 b - a +0 scale mail (worn)
 c - a +0 kite shield (worn)
 j - a +0 pair of gloves (worn)
Scrolls
 f - a scroll of enchant armour
 k - a scroll of noise
Potions
 d - 2 potions of might
 e - 2 potions of flight {unknown}
 g - a potion of invisibility {unknown}
 h - 3 potions of heal wounds {unknown}
 i - a potion of lignification {unknown}
 l - 2 potions of haste {unknown}
 n - a potion of attraction {unknown}


   Skills:
 + Level 4.3 Fighting
 * Level 4.2 Axes
 - Level 3.2 Armour
 + Level 4.8 Shields


You had 4 spell levels left.
You didn't know any spells.
Your spell library contained the following spells:

 Spells                   Type           Power      Damage    Failure   Level
 Freeze                   Ice            0%         1d3       96%         1
 Frozen Ramparts          Ice            0%         1d2       100%        3
 Hailstorm                Conj/Ice       0%         3d3       100%        4


Dungeon Overview and Level Annotations

Branches:
Dungeon (4/15)
 Temple: D:4-7

Altars:
Qazlal
Trog
Zin


Innate Abilities, Weirdness & Mutations

You cannot be hasted, slowed, berserked, paralysed or teleported.
You can dig through walls and to a lower floor.
You have a pair of large antennae on your head. (SInv)
Your four strong arms can wield two-handed weapons with a shield.


Message History

You feel sick.
You are no longer poisoned.
Found a thin glowing staff.
A scorpion comes into view.
Found a stone staircase leading down.
A ball python and 2 jackals come into view.
Found 16 gold pieces.
The jackal barks! x2; The ball python hisses angrily.
A jackal comes into view.
The jackal moves out of view.
The ball python bites you. You block the ball python's attack.
There is a stone staircase leading down here.
You hit the ball python.
The ball python is moderately wounded.
The ball python bites you but does no damage.
The ball python grabs you. The ball python constricts you.
You block the ball python's attack. The ball python constricts you.
Your shield and scale mail prevent you from hitting the ball python.
The ball python is moderately wounded.
You block the ball python's attack. The ball python constricts you.
The ball python barely misses you. The ball python constricts you.
You closely miss the ball python. The ball python bites you.
The ball python constricts you.
You closely miss the ball python. The ball python bites you.
The ball python constricts you. You block the ball python's attack.
The ball python constricts you.
Your scale mail prevents you from hitting the ball python.
The ball python bites you. The ball python constricts you.
You block the ball python's attack. The ball python constricts you.
You hit the ball python.
You kill the ball python!
The scorpion stings you!
* * * LOW HITPOINT WARNING * * *
You are lethally poisoned!
The scorpion poisons you!
You closely miss the scorpion.
* * * LOW HITPOINT WARNING * * *
You feel very sick. The scorpion stings you!
You die...

### #.. #.# h. #.#
.# #@# ..# #s# .h#
###h##.# # #..h#.#
.## #....# ...
#...## #s. ..
#$.#.## #.# #.#.
#..#..###.#######.##
#......#.......##.##


You could see a scorpion and 2 jackals.

Vanquished Creatures
  An orc wizard (D:3)
  7 adders
  An adder skeleton (D:4)
  A dart slug (D:1)
  11 orcs (D:3)
  3 ball pythons
  9 endoplasms
  A giant cockroach (D:2)
  4 goblins
  7 hobgoblins
  4 jackals (D:2)
  A quokka (D:3)
  7 bats
  3 frilled lizards
  6 kobolds
  4 rats
70 creatures vanquished.

Notes
Turn   | Place    | Note
-------+----------+-------------------------------------------
     0 | D:1      | Delamore the Formicid Fighter began the quest for the Orb.
     0 | D:1      | Reached XP level 1. HP: 18/18 MP: 1/1
   133 | D:1      | Reached XP level 2. HP: 19/24 MP: 2/2
   783 | D:2      | Reached XP level 3. HP: 29/29 MP: 3/3
  1186 | D:2      | Reached XP level 4. HP: 37/37 MP: 4/4
  1767 | D:3      | Reached XP level 5. HP: 42/42 MP: 5/5
  1895 | D:3      | Found a glowing silver altar of Zin.
  2423 | D:4      | Found a bloodstained altar of Trog.
  2423 | D:4      | Found a stormy altar of Qazlal.
  2495 | D:4      | Slain by a scorpion

Illustrated notes

Levels and vault maps discovered:
D:1:      dpeg_arrival_orchard, layout_loops_cross, minmay_misc_feat_roman
D:2:      layout_rooms, serial_co_window_serial, co_window_paths_a,
          co_window_paths_a, co_window_cross_1, co_window_paths_a,
          co_window_corner_a, co_window_paths_a, co_window_paths_a,
          co_window_corner_b, co_window_of_opportunity_c, co_window_cross_3,
          co_window_4corner_b, co_window_4corner_a, glass_columns_a,
          glass_columns_b, glass_columns_a
D:3:      layout_basic, overflow_temple_1_default
D:4:      layout_loops_ring, gammafunk_temple_overflow_statue,
          okawaru_metal_pillars_1_2, gup_sewer_entry_pipe, minmay_diced_spiral

Skill      XL: |  1  2  3  4  5 |
---------------+----------------+-----
Shields        | 4 |  4.8
Axes           | 3 4 |  4.2
Fighting       | 4 |  4.3
Armour         | |  3.2

Action                   |  1- 3 |  4- 6 || total
-------------------------+-------+-------++-------
Melee: War axe           |    71 |    93 ||   164
  Use: Scroll            |       |     5 ||     5
Armor: Scale mail        |    31 |    39 ||    70
Dodge: Dodged            |    17 |    24 ||    41
Block: Kite shield       |    35 |    57 ||    92
